[Event "Early-Titled-Tuesday-Blitz-March-12-2024"]
[Site "Chess.com"]
[Date "2024.03.12"]
[Round "9"]
[White "theoneandonlydaaevik"]
[Black "atbenina64"]
[Result "0-1"]
[WhiteElo "2523"]
[BlackElo "2746"]
[TimeControl "180+1"]
[EndTime "9:43:02 PDT"]
[Termination "atbenina64 won by resignation"]

1. d4 Nf6 2. Nf3 d5 3. g3 Bf5 4. Bg2 c6 5. O-O h6 6. c4 e6 7. Nc3 Be7 8. Qb3 Qb6 9. c5 Qxb3 10. axb3 Nbd7 11. b4 a6 12. b5 cxb5 13. Nxb5 O-O 14. Nc3 b6 15. b4 a5 16. c6 Bxb4 17. Na2 Bd6 18. cxd7 Nxd7 19. Nc3 Bb4 20. Nb5 Rfc8 21. Ba3 Bxa3 22. Nxa3 Rab8 23. Nb5 Rc2 24. Rfe1 Rb2 25. Nd6 Bc2 26. Ne5 Nxe5 27. dxe5 a4 28. e3 b5 29. Re2 b4 30. e4 a3 31. exd5 a2 32.
Bf1 b3 33. dxe6 fxe6 34. Ree1 Rb1 35. Nc4 Rxe1 36. Rxe1 b2 37. Nxb2 Rxb2 38. Ra1 Rb1 39. Rxa2 Bd3 0-1

[Event "Early-Titled-Tuesday-Blitz-March-12-2024"]
[Site "Chess.com"]
[Date "2024.03.12"]
[Round "9"]
[White "Zq1"]
[Black "LiamPutnam2008"]
[Result "0-1"]
[WhiteElo "2599"]
[BlackElo "2899"]
[TimeControl "180+1"]
[EndTime "9:43:04 PDT"]
[Termination "LiamPutnam2008 won by resignation"]

1. d4 Nf6 2. c4 g6 3. Nc3 Bg7 4. e4 d6 5. Nf3 O-O 6. Be2 e5 7. O-O Na6 8. Re1 Qe7 9. d5 Nc5 10. Bf1 a5 11. h3 a4 12. Bd2 Bd7 13. Qc2 Nh5 14. b4 axb3 15. axb3 Nf4 16. Rxa8 Rxa8 17. b4 Na6 18. Nb5 c6 19. Na3 cxd5 20. exd5 Bf5 21.
Qb3 Qf6 22. c5 dxc5 23. Bxa6 Qxa6 24. Nc4 b5 25. Ncxe5 c4 26. Qe3 Nxd5 27. Qc5 Be6 28. Ng5 Rc8 29. Qd4 c3 30. Bc1 h6 31. Nxe6 Qxe6 32.
f4 c2 33. Qd3 Nxb4 34. Qxb5 Nd5 35. Qd3 g5 36. f5 Qb6+ 37. Kh1 Nb4 38. Qb3 Qb7 39.
f6 Bxf6 40. Ng4 Bg7 41. Rf1 Rc3 42. Qa4 Rxh3+ 43. Kg1 Bd4+ 44. Be3 Bxe3+ 45. Nxe3 Rxe3 46. Qa1 Re2 0-1

[Event "Early-Titled-Tuesday-Blitz-March-12-2024"]
[Site "Chess.com"]
[Date "2024.03.12"]
[Round "9"]
[White "sergoy"]
[Black "wonderfultime"]
[Result "0-1"]
[WhiteElo "3023"]
[BlackElo "3078"]
[TimeControl "180+1"]
[EndTime "9:43:05 PDT"]
[Termination "wonderfultime won on time"]

1. d4 d5 2. c4 c6 3. Nf3 Nf6 4. Nc3 a6 5. e3 Bf5 6. Ne5 h6 7. Qb3 Ra7 8. cxd5 cxd5 9. Bd2 e6 10. Rc1 Nbd7 11. Nxd7 Nxd7 12. Na4 Be7 13. Be2 O-O 14. O-O b5 15. Nc5 Nb6 16. a4 Nxa4 17. Nxa4 bxa4 18.
Qxa4 Qb8 19. b3 Rb7 20. Bxa6 Rxb3 21. Qd7 Bd6 22. h3 Rd8 23. Qa4 Ra3 24. Qc6 Bf8 25. Be2 Ra2 26. Qc3 Qb2 27. Qc7 Rda8 28. Rfd1 Bg6 29. Bf3 Qb3 30. Be1 R2a7 31. Qc6 Ra6 32. Qc7 Bd6 33. Qd7 Qb6 34. Rc8+ Rxc8 35. Qxc8+ Kh7 36.
Rc1 Ra7 37. h4 Rc7 38. Rxc7 Bxc7 39. h5 Bf5 40. g4 Bd3 41. Kg2 Qd6 0-1

[Event "Early-Titled-Tuesday-Blitz-March-12-2024"]
[Site "Chess.com"]
[Date "2024.03.12"]
[Round "9"]
[White "FischerKasparow"]
[Black "Happy1712Drummer"]
[Result "1-0"]
[WhiteElo "2114"]
[BlackElo "2346"]
[TimeControl "180+1"]
[EndTime "9:43:05 PDT"]
[Termination "FischerKasparow won on time"]

1. e4 c5 2. Nf3 e6 3. d4 cxd4 4. Nxd4 Nf6 5. Nc3 Nc6 6. Ndb5 Bc5 7. Bf4 O-O 8. Bd6 Bxd6 9. Nxd6 Ne8 10. Bc4 Qe7 11.
Ncb5 Nxd6 12. Nxd6 a6 13. O-O b5 14. Bb3 Na5 15. Qd4 Nb7 16. Rad1 Nxd6 17. Qxd6 Qxd6 18. Rxd6 Rd8 19. Rfd1 Kf8 20. a4 Rb8 21. a5 Ke7 22. e5 Bb7 23. f4 Bc6 24. c3 Rdc8 25. R1d2 Rc7 26. Bd1 Bb7 27. Be2 Bc8 28. Kf2 Ra8 29. Rb6 Rb7 30. Rxb7 Bxb7 31. Rd6 Bc6 32. Bf3 Rc8 33. Ke3 f6 34. Kd4 Bxf3 35. gxf3 Rc4+ 36. Ke3 Rc6 37. Rxc6 dxc6 38. Kd4 Kd7 39. Kc5 Kc7 40. b4 h6 41. h4 f5 42. h5 1-0

[Event "Early-Titled-Tuesday-Blitz-March-12-2024"]
[Site "Chess.com"]
[Date "2024.03.12"]
[Round "9"]
[White "ViktoriyaTarasova"]
[Black "Cryptinz"]
[Result "0-1"]
[WhiteElo "2320"]
[BlackElo "2514"]
[TimeControl "180+1"]
[EndTime "9:43:06 PDT"]
[Termination "Cryptinz won by checkmate"]

1. d4 d5 2. c4 c6 3. Nf3 Nf6 4. Nc3 dxc4 5. a4 Bf5 6. Ne5 Nbd7 7. Nxc4 Nb6 8. Ne5 a5 9. g3 Nfd7 10. Nxd7 Nxd7 11. Bg2 e6 12. O-O Bb4 13. e4 Bg6 14.
Be3 O-O 15. f4 Nf6 16. f5 exf5 17. exf5 Bh5 18. Bf3 Re8 19. Bf2 Bxf3 20. Qxf3 Qd7 21. Rfe1 Rad8 22. Kg2 h6 23. h3 Kh7 24. g4 b5 25. axb5 cxb5 26. Qd3 Nd5 27. Bg3 f6 28. Kh2 Bxc3 29. bxc3 a4 30. Rxe8 Rxe8 31. c4 bxc4 32. Qxc4 Ra8 33. Ra3 Nb6 34. Qc5 Rc8 35. Qxb6 Rc2+ 36.
Kg1 Qd5 37. Bf2 Rc1+ 38. Kh2 Rh1+ 39. Kg3 Rd1 40. Rf3 a3 41. Qa7 Qd6+ 42. Kg2 Qd5 43. h4 Rd3 44. g5 Qxf3+ 45. Kf1 Rd1# 0-1

[Event "Early-Titled-Tuesday-Blitz-March-12-2024"]
[Site "Chess.com"]
[Date "2024.03.12"]
[Round "9"]
[White "alexrustemov"]
[Black "Susal_De_Silva"]
[Result "1-0"]
[WhiteElo "2862"]
[BlackElo "2704"]
[TimeControl "180+1"]
[EndTime "9:43:08 PDT"]
[Termination "alexrustemov won by resignation"]

1. d4 Nf6 2. c4 e6 3. Nf3 b6 4. a3 Bb7 5. Nc3 Ne4 6. Nxe4 Bxe4 7. Bf4 Be7 8. e3 O-O 9. Bd3 Bxd3 10. Qxd3 d6 11. O-O Nd7 12. Rfd1 f5 13. h3 Bf6 14.
Bg3 Qe7 15. b4 a5 16. Rac1 axb4 17. axb4 g6 18. c5 bxc5 19. dxc5 Ne5 20. cxd6 cxd6 21. Qxd6 Nxf3+ 22. gxf3 Rf7 23. Rc6 Qxd6 24. Bxd6 Be7 25. b5 Bxd6 26. Rdxd6 Ra2 27. Rxe6 Rb2 28. b6 Rd7 29.
Red6 Re7 30. f4 Kg7 31. Rc7 Rxc7 32. bxc7 Rc2 33. Rd7+ Kh6 34. Kg2 Rc3 35. Kg3 Rc1 36. f3 Rc3 37. Kh4 Rc4 38. e4 fxe4 39. fxe4 g5+ 40.
fxg5+ Kg6 41. Re7 Rc5 42. Re6+ Kg7 43. Re7+ Kg6 44. Kg4 Rxg5+ 45. Kf4 Rc5 46. e5 Rc4+ 47. Ke3 Kf5 48. Kd3 Rc1 49. Kd4 h5 50. Kd5 h4 51.
Rf7+ Kg6 52. e6 Rd1+ 53. Kc6 Rc1+ 54. Kd7 Rd1+ 55. Ke8 Kh6 56. Rd7 Rg1 57. Ke7 Rg7+ 58. Kd6 Rg8 59. Rd8 Kg7 60. Rxg8+ Kf6 61. c8=Q 1-0

[Event "Early-Titled-Tuesday-Blitz-March-12-2024"]
[Site "Chess.com"]
[Date "2024.03.12"]
[Round "9"]
[White "imdvb6307"]
[Black "NikitaShnadrygin"]
[Result "1/2-1/2"]
[WhiteElo "2494"]
[BlackElo "2656"]
[TimeControl "180+1"]
[EndTime "9:43:08 PDT"]
[Termination "Game drawn by repetition"]

1. d4 d5 2. Nf3 Nc6 3. e3 Bg4 4.
c4 e5 5. cxd5 Qxd5 6. Nc3 Bb4 7.
Be2 exd4 8. exd4 Bxf3 9. Bxf3 Qc4 10. Bxc6+ bxc6 11. Qe2+ Qxe2+ 12. Kxe2 Nf6 13. Bg5 Bxc3 14. Bxf6 Bxb2 15. Rab1 gxf6 16. Rxb2 Kd7 17. Rc1 Rab8 18. Rbc2 Rb6 19. d5 Re8+ 20. Kf3 Re5 21. dxc6+ Kd6 22.
Rd1+ Rd5 23. Rxd5+ Kxd5 24. Rd2+ Ke6 25. Rd4 Rxc6 26.
Ra4 a6 27. Rh4 Rc3+ 28. Ke2 Rc2+ 29. Ke3 Rxa2 30. Rxh7 Ra3+ 31. Ke2 a5 32. h4 Ra1 33. Rh8 a4 34. g4 Rh1 35. h5 Rg1 36. Re8+ Kd7 37.
Re4 a3 38. Ra4 a2 39. Rxa2 Rxg4 40. Rd2+ Ke7 41. Kf3 Rh4 42. Rd5 Ke6 43. Rc5 Kd6 44. Rf5 Ke6 45. Rc5 Kd6 46. Rf5 Ke6 47. Rc5 1/2-1/2

[Event "Early-Titled-Tuesday-Blitz-March-12-2024"]
[Site "Chess.com"]
[Date "2024.03.12"]
[Round "9"]
[White "Hikaru"]
[Black "HansOnTwitch"]
[Result "1-0"]
[WhiteElo "3242"]
[BlackElo "3107"]
[TimeControl "180+1"]
[EndTime "9:43:09 PDT"]
[Termination "Hikaru won on time"]

1. e4 c5 2. Nf3 d6 3. c3 Nf6 4. Bd3 Bd7 5. O-O Bc6 6. Re1 Nbd7 7. Bc2 e6 8. d4 Be7 9. e5 dxe5 10. dxe5 Nd5 11.
Nbd2 Qc7 12. Nf1 h5 13. h4 O-O-O 14. Qe2 Kb8 15. a3 N5b6 16. Bf4 Bxf3 17. Qxf3 Bxh4 18.
Nd2 g5 19. Bh2 g4 20. Qe2 Be7 21. c4 Rdg8 22. Ne4 h4 23. Bf4 g3 24. Nd6 f5 25.
Rad1 gxf2+ 26. Qxf2 Qc6 27. Kh2 Bxd6 28. Rxd6 Qc8 29.
Rxe6 Ka8 30. Bxf5 Qf8 31. Bh3 Nxc4 32. Rf1 Qg7 33. Qe2 Ndb6 34. b3 Na5 35. Qb5 Nd5 36. Kh1 Rf8 37. Bh2 Nc6 38. Rxf8+ Rxf8 39. Qxc5 Rf1+ 40.
Bg1 Nc7 41. Rf6 Rxf6 42. exf6 Qxf6 43. Qf2 Qe7 44. b4 a6 45. Bg4 Nd5 46. Bf3 Qd8 47. Qd2 Nce7 48. Qd4 Kb8 49. Qa7+ Kc8 50. Bh2 Qb6 51.
Bg4+ Kd8 52. Qb8+ 1-0

[Event "Early-Titled-Tuesday-Blitz-March-12-2024"]
[Site "Chess.com"]
[Date "2024.03.12"]
[Round "9"]
[White "AttilaTurzo"]
[Black "enriquebutti"]
[Result "1-0"]
[WhiteElo "2474"]
[BlackElo "2228"]
[TimeControl "180+1"]
[EndTime "9:43:11 PDT"]
[Termination "AttilaTurzo won by resignation"]

1. d4 Nf6 2. Bf4 g6 3. Nf3 Bg7 4. c3 O-O 5. Nbd2 d6 6. e4 Nc6 7. h3 Nd7 8. Be2 e5 9. dxe5 Ndxe5 10. Nxe5 Nxe5 11. O-O Be6 12. Be3 d5 13. f4 Nc6 14.
f5 Bc8 15. exd5 Re8 16. fxg6 hxg6 17. Nc4 Ne5 18. Nxe5 Rxe5 19. Bd4 Rxd5 20. Bc4 Bxd4+ 21. Kh1 Rf5 22. cxd4 Qg5 23. Qb3 Qh4 24. Bxf7+ Kg7 25. Be6 Bxe6 26. Qxe6 Qxd4 27. Rxf5 gxf5 28. Qxf5 Rf8 29.
Qg5+ Kh7 30. Re1 Rf7 31. Qh5+ Kg7 32. b3 Qf2 33. Qe5+ Kh7 34. Re4 Qf6 35. Qh5+ Kg7 36.
Rg4+ Kf8 37. Qc5+ Qe7 38. Qc1 Qe2 39. Qh6+ Ke7 40. Qg5+ Kd7 41. Rd4+ Ke6 42. Qg6+ Rf6 43. Qe8+ 1-0

[Event "Early-Titled-Tuesday-Blitz-March-12-2024"]
[Site "Chess.com"]
[Date "2024.03.12"]
[Round "9"]
[White "MikeWizard"]
[Black "InitiatingASC"]
[Result "0-1"]
[WhiteElo "2082"]
[BlackElo "2337"]
[TimeControl "180+1"]
[EndTime "9:43:12 PDT"]
[Termination "InitiatingASC won by checkmate"]

1. d4 Nf6 2. c4 e6 3. Nf3 d5 4.
Nc3 c5 5. cxd5 exd5 6. g3 Nc6 7.
Bg2 Be7 8. O-O O-O 9. Bf4 c4 10.
Ne5 Be6 11. Rc1 Qa5 12. e3 Rac8 13. Qa4 Bb4 14. Qxa5 Bxa5 15. h3 Rfd8 16. g4 Bxc3 17. bxc3 Nd7 18. Nxd7 Rxd7 19. Rb1 f5 20. g5 Nd8 21.
Rb5 Rc6 22. Rfb1 Ra6 23. R1b2 Ra3 24. Rc2 Kf7 25. Rc5 b6 26. Rc8 Ke7 27. Kf1 Rb7 28. Ra8 a5 29. Ke2 b5 30. Ra6 b4 31. h4 Kf7 32.
Rd6 b3 33. axb3 cxb3 34. Rc1 b2 35. Rb1 Ra1 36. Rxb2 Rxb2+ 37. Kf3 Nb7 38. Rc6 Raa2 39. Bg3 a4 40. h5 h6 41. Rc7+ Kf8 42. g6 a3 43. Bf1 Rb6 44. Be5 Rab2 45. Bxg7+ Ke8 46. Be5 a2 47. Rh7 a1=Q 48. Rh8+ Ke7 49. Rh7+ Kd8 50.
Rh8+ Kd7 51. Rh7+ Kd8 52. Rh8+ Kd7 53. Rh7+ Kc8 54. Rh8+ Nd8 55. g7 Qxf1 56. g8=Q Qxf2# 0-1

[Event "Early-Titled-Tuesday-Blitz-March-12-2024"]
[Site "Chess.com"]
[Date "2024.03.12"]
[Round "9"]
[White "Lady_Nika"]
[Black "HATilay"]
[Result "1-0"]
[WhiteElo "2552"]
[BlackElo "2676"]
[TimeControl "180+1"]
[EndTime "9:43:13 PDT"]
[Termination "Lady_Nika won by checkmate"]

1. d4 d5 2. e3 c5 3. f4 Nc6 4.
Nf3 Nf6 5. c3 Bf5 6. Bd3 Bxd3 7.
Qxd3 e6 8. O-O Ne4 9. Nbd2 f5 10. Ne5 Be7 11. Nxe4 fxe4 12. Qb5 Qb6 13. Qe2 Bf6 14. b3 Qa5 15. Bd2 Qc7 16. Qg4 Qe7 17. Be1 O-O 18.
Bg3 Qe8 19. h4 Bxe5 20. fxe5 Qg6 21. Qh3 h5 22. Bf4 Ne7 23. Bg5 Nf5 24. dxc5 Rac8 25. b4 b6 26. a4 bxc5 27. b5 Rf7 28. Rf4 Rcf8 29. Raf1 Kh7 30. g4 hxg4 31. Rxg4 Nh6 32. Rgf4 Rxf4 33. exf4 Qh5 34. Qxe6 Ng4 35. Qxd5 e3 36.
Qe4+ Kh8 37. e6 Re8 38. e7 e2 39. Qxe2 c4 40. Rd1 Kh7 41. Rd8 Qg6 42. Qxg4 Qb1+ 43. Rd1 Qg6 44. f5 Qb6+ 45. Kh1 Qb7+ 46. Qg2 Qc7 47. Rd8 Qe5 48. Rxe8 Qe1+ 49. Kh2 Qe5+ 50. Kg1 Qe1+ 51. Qf1 Qg3+ 52. Kh1 Qg4 53. Rh8+ Kxh8 54. e8=Q+ Kh7 55. Qg6+ Kh8 56. Qe8+ Kh7 57. Qee2 Qg3 58. Qh5+ Kg8 59. Qxc4+ Kf8 60. Qcf7# 1-0

[Event "Early-Titled-Tuesday-Blitz-March-12-2024"]
[Site "Chess.com"]
[Date "2024.03.12"]
[Round "9"]
[White "IsaqueGoncalvesSanto"]
[Black "Ati1517"]
[Result "0-1"]
[WhiteElo "1815"]
[BlackElo "2224"]
[TimeControl "180+1"]
[EndTime "9:43:13 PDT"]
[Termination "Ati1517 won on time"]

1. d4 Nf6 2. c4 g6 3. Nc3 Bg7 4. e4 d6 5. f3 O-O 6. Be3 e5 7. d5 Nbd7 8. Qd2 b6 9. g4 Nc5 10. h4 h5 11. g5 Nh7 12. Bh3 Bxh3 13. Nxh3 f5 14. gxf6 Qxf6 15. Ng1 a6 16. b4 Nd7 17. O-O-O a5 18. b5 Nc5 19. Bxc5 bxc5 20. a4 Qf4 21. Qxf4 Rxf4 22. Nce2 Rf7 23. Kc2 Raf8 24.
Rf1 Bh6 25. Kd3 Nf6 26. Nh3 Nd7 27. Nhg1 Nb6 28. Ra1 Kg7 29. Rh3 Rf6 30. Nc3 Kf7 31. Nb1 Ke7 32. Nd2 Rf4 33. Nb3 Ra8 34. Ne2 Rf6 35. Rg3 Raf8 36. Ng1 Bf4 37. Rh3 Ra8 38. Ne2 Bh6 39. Ng1 Bg7 40. Rg3 Rf4 41. Rxg6 Bf6 42. Rh6 Rxh4 43. Rh7+ Kf8 44. Rxc7 Rh2 45. Rb7 Nc8 46. Rc7 Rb2 47. Nxa5 Bd8 0-1

[Event "Early-Titled-Tuesday-Blitz-March-12-2024"]
[Site "Chess.com"]
[Date "2024.03.12"]
[Round "9"]
[White "littlepinkyboy"]
[Black "Gryffindorac8"]
[Result "1-0"]
[WhiteElo "2608"]
[BlackElo "2377"]
[TimeControl "180+1"]
[EndTime "9:43:16 PDT"]
[Termination "littlepinkyboy won on time"]

1. e4 c5 2. Nf3 d6 3. d4 cxd4 4. Nxd4 Nf6 5. Nc3 a6 6. Be3 e5 7. Nf3 Be7 8. Bc4 Be6 9. Bb3 O-O 10. O-O Nc6 11. Qe2 Rc8 12. Rfd1 Qc7 13. Na4 b5 14. Nb6 Rcd8 15. Nd5 Bxd5 16. exd5 Nb8 17. a4 b4 18. a5 Rc8 19. Bb6 Qb7 20. Bc4 Nfd7 21. Be3 Nc5 22. Nd2 f5 23. f4 Bf6 24. fxe5 dxe5 25. Nb3 Nbd7 26. Nxc5 Nxc5 27. d6+ Kh8 28. d7 Rc7 29. Bxc5 Rxc5 30. Bxa6 Qa7 31. Kh1 e4 32. Bc8 h6 33.
Qd2 Rxa5 34. Rxa5 Qxa5 35. b3 Rd8 36. Qd6 Qa2 37. Qxb4 Qb2 38. Rf1 Qxc2 39. Qb5 e3 40. Re1 Qd2 41. Qe2 Qd4 42. Qxe3 Qb4 43. Qe8+ Kh7 44.
Qe6 Qd4 45. Qxf5+ Kg8 46. Re8+ 1-0

[Event "Early-Titled-Tuesday-Blitz-March-12-2024"]
[Site "Chess.com"]
[Date "2024.03.12"]
[Round "9"]
[White "Byniolus"]
[Black "vi_pranav"]
[Result "0-1"]
[WhiteElo "2825"]
[BlackElo "3035"]
[TimeControl "180+1"]
[EndTime "9:43:17 PDT"]
[Termination "vi_pranav won on time"]

1. d4 Nf6 2. Nf3 e6 3. Bf4 b6 4. e3 Bb7 5. h3 Bd6 6. Bxd6 cxd6 7. Nbd2 O-O 8. Bd3 Nc6 9. O-O Nb4 10. Be2 Re8 11.
a3 Nc6 12. Rc1 d5 13. c4 dxc4 14. Nxc4 d6 15. Qb3 Qe7 16. Rc2 Rac8 17. Rfc1 Nb8 18. Ncd2 Rxc2 19. Qxc2 Qd7 20. Bd3 h6 21. Qd1 Nc6 22.
Rc2 Ne7 23. Qc1 Bc6 24. Ne1 Rd8 25. b3 Ne8 26. Nb1 e5 27. Nc3 Nf6 28. a4 exd4 29.
exd4 Nf5 30. Qf4 Ne7 31. Bb5 Bxb5 32. Nxb5 Ned5 33. Qf3 Re8 34. Kf1 Ne4 35. Re2 f5 36.
Nd3 Rc8 37. Kg1 a6 38. Na3 Rc3 39. Nc4 Rxb3 40. Kh2 Nb4 41. Nde5 Rxf3 42. Nxd7 Rxf2 43. Rxf2 Nxf2 44. Nxd6 Nd5 45. Nxf5 Nd3 46. Nd6 Nb2 0-1

[Event "Early-Titled-Tuesday-Blitz-March-12-2024"]
[Site "Chess.com"]
[Date "2024.03.12"]
[Round "9"]
[White "Grandelicious"]
[Black "ajedrezsinlimites"]
[Result "1-0"]
[WhiteElo "2884"]
[BlackElo "2559"]
[TimeControl "180+1"]
[EndTime "9:43:19 PDT"]
[Termination "Grandelicious won on time"]

1. Nf3 Nf6 2. c4 e6 3. e3 d5 4. b3 Be7 5. Bb2 O-O 6. Nc3 a5 7. d4 b6 8. cxd5 Nxd5 9. Nxd5 exd5 10. Bd3 Bb4+ 11. Nd2 a4 12. Rc1 Ba6 13. Bxa6 Nxa6 14. O-O a3 15. Ba1 Qe7 16. Nf3 f6 17. Qd3 Qd7 18. Rc2 Rfd8 19. Rfc1 c5 20. dxc5 bxc5 21. h3 Ba5 22. Bc3 Bxc3 23. Rxc3 Qd6 24. Nh4 Nb4 25. Qd2 Rac8 26. Nf3 g6 27. Ne1 Kg7 28. Qe2 Qb6 29.
Nd3 Na6 30. Qc2 d4 31. exd4 Rd7 32. Nxc5 Rdc7 33. Qe2 Rc6 34. g3 Nb4 35. Qe7+ Kh6 36. Qe3+ Kg7 37. Qe2 Nd5 38. Rc4 Kg8 39. Qf3 Nb4 40.
Re1 Rd8 41. Re7 Rcd6 42. Qe3 Nd5 43. Re8+ Kg7 44. Qe2 Nc3 45. Rxc3 Qb4 46. Rxd8 Rxd8 47. Qe3 Rd6 48. Rc4 Qb6 49. h4 Qd8 50. Ne6+ 1-0

[Event "Early-Titled-Tuesday-Blitz-March-12-2024"]
[Site "Chess.com"]
[Date "2024.03.12"]
[Round "9"]
[White "Korchmar_Vasiliy"]
[Black "bazar-wokzal"]
[Result "0-1"]
[WhiteElo "2700"]
[BlackElo "2567"]
[TimeControl "180+1"]
[EndTime "9:43:19 PDT"]
[Termination "bazar-wokzal won by checkmate"]

1. e4 Nc6 2. Nf3 d5 3. exd5 Qxd5 4. Nc3 Qa5 5. Bb5 Bd7 6. d4 a6 7. Bd2 axb5 8. d5 Nb8 9. Ne5 b4 10. Ne4 Qxd5 11. O-O Qxe4 12. Re1 Qf5 13. Bxb4 Nf6 14. Nc4 Nc6 15. Bd6 Qd5 16. Qe2 Nd4 17. Qd3 cxd6 18.
Nb6 Qc5 19. Nxa8 e5 20. b4 Qa7 21. Nc7+ Kd8 22. c3 Kxc7 23. cxd4 Qxd4 24. Rac1+ Kb8 25. Qc2 Be7 26. Qc7+ Ka8 27. Re3 Qa7 28. Rcc3 Nd5 29. Qxd7 Nxc3 30. Rxc3 Qd4 31. Ra3+ Kb8 32. g3 Bg5 33.
Qxf7 Rc8 34. Kg2 Qe4+ 35. Rf3 Bf6 36. h4 Rc3 37. Qe8+ Kc7 38. Qf7+ Kb6 39. Qh5 Rxf3 40. Qxf3 Qxf3+ 41. Kxf3 Kb5 42. Ke4 Kc4 43. g4 d5+ 44. Kf5 d4 45. g5 d3 46. gxf6 gxf6 47. Kxf6 d2 48. Kxe5 d1=Q 49. f4 Qe2+ 50. Kf6 Kd5 51. f5 Qe5+ 52. Kf7 Qxf5+ 53. Kg7 Ke6 54. Kh8 Qf7 55.
h5 Kf6 56. h6 Kg6 57. b5 Qe8# 0-1

[Event "Early-Titled-Tuesday-Blitz-March-12-2024"]
[Site "Chess.com"]
[Date "2024.03.12"]
[Round "9"]
[White "Kirill_Klukin"]
[Black "Boundless_Strike"]
[Result "1-0"]
[WhiteElo "2809"]
[BlackElo "2606"]
[TimeControl "180+1"]
[EndTime "9:43:20 PDT"]
[Termination "Kirill_Klukin won by resignation"]

1. Nf3 d6 2. c4 e5 3. Nc3 f5 4. g3 Nf6 5. Bg2 Be7 6. d3 O-O 7. b4 Qe8 8. Bb2 Qh5 9. Qb3 Kh8 10. Nd5 Nxd5 11. cxd5 Nd7 12. Rc1 e4 13. Nd4 Ne5 14. Rxc7 Bd8 15. Rxc8 Rxc8 16. Ne6 exd3 17. Nf4 d2+ 18.
Kxd2 Bg5 19. Bd4 Rfe8 20. Kd1 Bxf4 21. gxf4 Ng6 22. Bf3 Qh4 23. Qb2 Re7 24. Rg1 Qxf4 25. Rg3 b6 26. e3 Qh4 27. Ke2 Ne5 28. Kf1 Qxh2 29. Bg2 Rcc7 30. Rh3 Nd3 31. Qd2 Qxh3 32. Bxh3 Ne5 33. Bxe5 Rxe5 34. Bg2 g6 35. Bf3 Kg7 36.
Kg2 h5 37. Qd4 Kh6 38. Qf4+ g5 39. Qd4 Rc2 40. Bd1 Rxa2 41. Qc4 Ra1 42. Qc6 Kg7 43.
Qxd6 Re8 44. Qd7+ Kf8 45. Qxf5+ Kg8 46. Qxg5+ Kf7 47. Bxh5+ 1-0

[Event "Early-Titled-Tuesday-Blitz-March-12-2024"]
[Site "Chess.com"]
[Date "2024.03.12"]
[Round "9"]
[White "temus_galaktionov"]
[Black "Baronessa08"]
[Result "1-0"]
[WhiteElo "2864"]
[BlackElo "2572"]
[TimeControl "180+1"]
[EndTime "9:43:21 PDT"]
[Termination "temus_galaktionov won by resignation"]

1. d4 d5 2. Nf3 Nf6 3. c4 dxc4 4. e3 e6 5. Bxc4 c5 6. O-O Nc6 7. dxc5 Bxc5 8. Qxd8+ Kxd8 9. Rd1+ Ke7 10. Nbd2 Rd8 11. Be2 b6 12. Ne1 Bb7 13. Nd3 Bd6 14. Nc4 Bc7 15. b3 Nd5 16. Ba3+ Ke8 17. Rac1 Rac8 18. g3 f5 19. h4 b5 20. Nd2 b4 21. Nc5 bxa3 22. Nxb7 Ncb4 23. Nxd8 Rxd8 24. Nb1 Nxa2 25. Rc4 Bd6 26. Bf3 Rb8 27. Bxd5 exd5 28. Rxd5 Rxb3 29. Rxd6 Rxb1+ 30. Kg2 Nb4 31. Rxb4 Rxb4 32. Ra6 Rb3 33. Rxa7 Kf8 34. h5 Kg8 35. Kf3 g5 36. h6 Rb6 37.
Rxa3 Rxh6 38. Ra7 Rf6 39. Rd7 h5 40. Kg2 Rf7 41. Rd6 Kg7 42. Kh3 Rf8 43. f4 gxf4 44. exf4 Rf6 45. Rd8 Kg6 46. Kh4 Ra6 47. Rg8+ Kf7 48. Rg5 Kf6 49. Rxh5 Ra1 50. Rh6+ Kg7 51. Kg5 Rg1 52. Rh3 Ra1 53. Kxf5 1-0

[Event "Early-Titled-Tuesday-Blitz-March-12-2024"]
[Site "Chess.com"]
[Date "2024.03.12"]
[Round "9"]
[White "VladimirKramnik"]
[Black "Blitzstream"]
[Result "1-0"]
[WhiteElo "2991"]
[BlackElo "2804"]
[TimeControl "180+1"]
[EndTime "9:43:24 PDT"]
[Termination "VladimirKramnik won by resignation"]

1. Nf3 c5 2. e4 d6 3. d4 cxd4 4.
Nxd4 Nf6 5. Nc3 a6 6. g3 e6 7.
Bg2 Be7 8. Be3 O-O 9. Qe2 Nc6 10. O-O-O Bd7 11. f4 Rc8 12. Kb1 Nb4 13. a3 Rxc3 14.
axb4 Rc8 15. g4 e5 16. Nf5 Bxf5 17. exf5 Qc7 18. g5 Ng4 19. Bc1 exf4 20. f6 Nxf6 21. gxf6 Bxf6 22. Bd5 Rfe8 23. Qd3 Re5 24. Qb3 Re2 25.
Rd2 Rce8 26. Rxe2 Rxe2 27. Bxf4 Qe7 28. Qf3 Re1+ 29. Bc1 b5 30. Rxe1 Qxe1 31. Qe3 Qxe3 32. Bxe3 Be5 33. h3 h6 34. c4 bxc4 35. Bxc4 g5 36. Bxa6 f5 37. Bc4+ d5 38. Bxd5+ Kf8 39. b5 Ke7 40. Bc5+ Kd7 41. b6 g4 42. hxg4 fxg4 43.
b7 Bb8 44. Kc2 h5 45. Kd3 h4 46. Ke4 h3 47. Kf5 g3 48. Kg4 h2 49. Kh3 Kd8 50.
Kg2 Kd7 51. b4 Kd8 52. Be3 Kd7 53. Bg5 Ke8 54. Bh4 Kd7 55. b5 Ke8 56. b6 Kd7 57.
Bg5 Ke8 58. Be6 Kf8 59. Bd8 1-0

[Event "Early-Titled-Tuesday-Blitz-March-12-2024"]
[Site "Chess.com"]
[Date "2024.03.12"]
[Round "9"]
[White "TregubovP"]
[Black "Triumphmate"]
[Result "1-0"]
[WhiteElo "2676"]
[BlackElo "2518"]
[TimeControl "180+1"]
[EndTime "9:43:26 PDT"]
[Termination "TregubovP won by checkmate"]

1. e4 d5 2. exd5 Nf6 3. d4 Bg4 4. Be2 Bxe2 5. Qxe2 Qxd5 6. Nf3 Nc6 7. c4 Qe4 8. Nc3 Qxe2+ 9. Kxe2 e6 10. Rd1 O-O-O 11. Be3 Be7 12. Rac1 Rd7 13. a3 Rhd8 14. b4 a5 15. b5 Nb8 16. Ne5 Bxa3 17. Ra1 Bb2 18. Nxd7 Rxd7 19. Na4 Bxa1 20. Rxa1 b6 21. c5 Nd5 22. c6 Rd6 23. Bd2 Ne7 24. Be3 Nbxc6 25. bxc6 Nxc6 26. Rd1 Kb7 27. Nc3 Ka6 28. Ne4 Rd7 29.
Ng5 f6 30. Nxe6 a4 31. d5 Nb4 32. Rd4 Kb5 33. Bd2 Nxd5 34. Rxd5+ Rxd5 35. Nxc7+ Kc4 36. Nxd5 Kxd5 37. Kd3 b5 38. Bb4 f5 39. f4 h6 40. h4 g6 41. g3 Ke6 42. Kd4 Kf6 43.
Kc5 g5 44. h5 gxf4 45. gxf4 Ke6 46. Kc6 Kf7 47. Kxb5 Ke6 48. Kc6 Kf6 49. Kd5 Kf7 50. Ke5 a3 51. Bxa3 Kg8 52. Kxf5 Kh7 53. Kf6 Kh8 54.
Kg6 Kg8 55. Kxh6 Kh8 56. Kg6 Kg8 57. h6 Kh8 58. Bb4 Kg8 59. h7+ Kh8 60. Bc3# 1-0

[Event "Early-Titled-Tuesday-Blitz-March-12-2024"]
[Site "Chess.com"]
[Date "2024.03.12"]
[Round "9"]
[White "Rud_Makarian"]
[Black "BilodeauA"]
[Result "1-0"]
[WhiteElo "3039"]
[BlackElo "3005"]
[TimeControl "180+1"]
[EndTime "9:43:27 PDT"]
[Termination "Rud_Makarian won on time"]

1. d4 Nf6 2. c4 e6 3. Nf3 d5 4. g3 Bb4+ 5. Bd2 Be7 6. Qc2 O-O 7. Bg2 Nbd7 8. O-O c6 9. Bf4 b6 10. Nbd2 Nh5 11. e3 Bb7 12. cxd5 exd5 13. Nb1 Nxf4 14. exf4 Re8 15. Nc3 f6 16. Rfe1 Nf8 17. Nh4 Bd6 18. Nf5 Qc7 19. Rac1 Rxe1+ 20. Rxe1 Rd8 21.
h4 Bc8 22. h5 Bxf5 23. Qxf5 Qd7 24. Qxd7 Nxd7 25. Rc1 Kf7 26. Nd1 Nb8 27. Ne3 Bf8 28.
Kf1 Ke7 29. Ke2 Kd6 30. Kd3 a5 31. g4 Na6 32. a3 Nc7 33. Nf5+ Kd7 34. Ng3 Ne6 35. Ne2 Bd6 36. f5 Nf4+ 37. Nxf4 Bxf4 38. Re1 h6 39. Re6 a4 40. Bf3 Ra8 41. Bd1 Ra5 42. Kc3 Bd6 43. g5 fxg5 44. Bg4 Kc7 45. Rg6 Bf8 46. f6 gxf6 47. Rxf6 Bd6 48. Rxh6 c5 49.
Rh7+ Kb8 50. h6 cxd4+ 51. Kxd4 Bc5+ 52. Kd3 Rb5 53. Rd7 Rb3+ 54. Kc2 Bd4 55. Rxd5 1-0

[Event "Early-Titled-Tuesday-Blitz-March-12-2024"]
[Site "Chess.com"]
[Date "2024.03.12"]
[Round "9"]
[White "HajiyevKanan"]
[Black "falzehope0"]
[Result "0-1"]
[WhiteElo "2552"]
[BlackElo "2445"]
[TimeControl "180+1"]
[EndTime "9:43:27 PDT"]
[Termination "falzehope0 won by checkmate"]

1. d4 d6 2. Nf3 Nf6 3. g3 Nbd7 4. Bg2 e5 5. O-O Be7 6. b3 O-O 7. Bb2 e4 8. Ne1 d5 9. c4 c6 10. Nc3 Re8 11. Nc2 a6 12. a4 Nf8 13. Ne3 Ng6 14.
a5 Bb4 15. Na4 Bxa5 16. c5 Bc7 17. h4 Nh5 18. Qd2 Nxh4 19. Nb6 Nxg2 20. Nxa8 Nxe3 21. Qxe3 Bb8 22. Nb6 Bh3 23. Rfe1 Nf6 24. Qg5 Qe7 25. Bc1 Qe6 26. Qh4 h6 27. b4 g5 28. Qxh6 Bf5 29.
Bxg5 Bg6 30. e3 Nh5 31. Bf4 Bxf4 32. exf4 Qh3 33. Qg5 Kg7 34. f5 Qxf5 35. Qxf5 Bxf5 36. b5 axb5 37. Ra7 Bg4 38. f4 Re7 39. Kf2 Kg6 40. Nc8 Bxc8 41. Ra8 Bg4 42. Rh8 Ng7 43. Reh1 f6 44.
R1h6+ Kf7 45. R8h7 e3+ 46. Ke1 b4 47. Rh4 f5 48. Rh8 b3 49. Rh2 e2 50. Rh1 b2 51.
Kd2 e1=Q+ 52. Rxe1 Rxe1 53. Kxe1 b1=Q+ 54. Kd2 Qd1+ 55. Kc3 Qe2 56. Rh6 Qe3+ 57. Kb4 Qxd4+ 58. Kb3 Qxc5 59. Rh7 Qc4+ 60. Kb2 d4 61. Kb1 d3 62. Rh2 Qc3 63.
Ka2 d2 64. Rh1 d1=Q 65. Rxd1 Bxd1 66. Kb1 Bc2+ 67. Ka2 Bb3+ 68. Kb1 Qc2+ 69. Ka1 Qa2# 0-1